 Dungeon Crawl Stone Soup version 0.30-a0-5-g3a90980b9d (webtiles) character file.

Game seed: 16648588451607904683

8 Plasmagod the Trooper (level 2, 0/20 HPs)
             Began as a Gargoyle Fighter on Aug 22, 2022.
             Slain by a worm (7 damage)
             ... on level 2 of the Dungeon.
             The game lasted 00:01:25 (247 turns).

Plasmagod the Trooper (Gargoyle Fighter)             Turns: 247, Time: 00:01:26

Health: 0/20       AC:  9    Str: 19    XL:     2   Next: 8%
Magic:  2/2        EV:  9    Int:  8    God:
Gold:   25         SH:  4    Dex:  9    Spells: 1/1 levels left

rFire   . . .      SeeInvis .    h - +3 mace
rCold   + . .      Faith    .    c - +0 buckler
rNeg    + . .      Spirit   .    b - +0 scale mail
rPois   ∞          Reflect  .    (no helmet)
rElec   +          Harm     .    (no cloak)
rCorr   .          Rampage  .    (no gloves)
Will    .....                    (no boots)
Stlth   ..........               (no amulet)
HPRegen 0.06/turn                f - ring of protection from cold
MPRegen 0.08/turn                (no ring)

@: no status effects
A: sickness immunity, AC +2, negative energy resistance 1, electricity
resistance, torment resistance 1, petrification resistance
a: no special abilities


You were on level 2 of the Dungeon.
You visited 1 branch of the dungeon, and saw 2 of its levels.

You collected 25 gold pieces.

Inventory:

Hand Weapons
 a - a +0 long sword
 h - a +3 mace (weapon)
Armour
 b - a +0 scale mail (worn)
 c - a +0 buckler (worn)
Jewellery
 f - a ring of protection from cold (left hand)
Potions
 d - a potion of might
 e - a potion of degeneration {unknown}
 g - a potion of lignification {unknown}


   Skills:
 + Level 3.9 Fighting
 - Level 1.7 Long Blades
 - Level 3.2 Armour
 - Level 3.2 Shields


You had one spell level left.
You didn't know any spells.
Your spell library was empty.

Dungeon Overview and Level Annotations

Branches:
Dungeon (1/15)

Altars:


Innate Abilities, Weirdness & Mutations

You are immune to sickness and miasma.
Your stone body is resilient. (AC +2)
You are immune to poison.
You resist negative energy. (rN+)
You are resistant to electric shocks. (rElec)
You are resistant to unholy torment.
You are immune to petrification.


Message History

The worm closely misses you.
The goblin unwields a +0 sling.
The goblin wields a +0 dagger.
The goblin hits you but does no damage.
You hit the worm.
The worm is moderately wounded.
You block the worm's attack. The goblin closely misses you.
You barely miss the worm.
The worm is moderately wounded.
You block the goblin's attack. The worm bites you.
You barely miss the worm.
The worm is moderately wounded.
The goblin hits you but does no damage. x2; You block the worm's attack.
You hit the worm.
The worm is heavily wounded.
The goblin hits you but does no damage. The worm bites you.
You are too injured to fight recklessly!
You are too injured to fight recklessly!
You are too injured to fight recklessly!
You are too injured to fight recklessly!
You are too injured to fight recklessly!
You are too injured to fight recklessly!
You are too injured to fight recklessly!
You are too injured to fight recklessly!
You are too injured to fight recklessly!
You are too injured to fight recklessly!
You are too injured to fight recklessly!
You are too injured to fight recklessly!
You are too injured to fight recklessly!
You are too injured to fight recklessly!
You are too injured to fight recklessly!
You are too injured to fight recklessly!
You are too injured to fight recklessly!
You are too injured to fight recklessly!
You are too injured to fight recklessly!
You are too injured to fight recklessly!
You are too injured to fight recklessly!
You are too injured to fight recklessly!
You hit the worm.
The worm is severely wounded.
The goblin hits you but does no damage. x2; The worm bites you!
You die...

#.. # #.. #. #..##
##.##.... ......[.# ..
.?......# .#
.......>####### #.#
......†@......####.#
......wg##.##...##.#
........##<####.##.####.
......................#.
........###.#####..##...
........# .. #..###.#
........# #.# ##.#...#
........# .# #...# #.#.#


You could see a worm and a goblin.

Vanquished Creatures
  A goblin (D:1)
  2 hobgoblins (D:1)
  A kobold (D:2)
  A quokka (D:1)
  A ball python (D:1)
  A bat (D:2)
7 creatures vanquished.

Vanquished Creatures (others)
  A plant (D:1)
1 creature vanquished.

Grand Total: 8 creatures vanquished

Notes
Turn   | Place    | Note
-------+----------+-------------------------------------------
     0 | D:1      | Plasmagod the Gargoyle Fighter began the quest for the Orb.
     0 | D:1      | Reached XP level 1. HP: 14/14 MP: 1/1
    77 | D:1      | Found Weotoimu's Antique Weapon Shop.
    89 | D:1      | Found a faded altar of an unknown god.
   203 | D:1      | You fall into a shaft and drop 1 floor!
   238 | D:2      | Reached XP level 2. HP: 19/20 MP: 2/2
   247 | D:2      | Slain by a worm

Illustrated notes

Levels and vault maps discovered:
D:1:      minmay_arrival_loop, layout_loops_ring, serial_shops,
          nicolae_square_shop, serial_forest, infiniplex_forest_clump_small,
          infiniplex_forest_clump_large, infiniplex_forest_end_3,
          infiniplex_forest_lined_corner, infiniplex_forest_lined_corner,
          infiniplex_forest_corner_1, dreamdust_ecumenical_altar_statues,
          chequers_serial_rivers_micro_c, grunt_decor_mini_mirrors
D:2:      layout_rooms, minmay_misc_feat_diagonals, roderic_serpentine_path,
          minmay_distorted

Action                   || total
-------------------------++-------
Melee: Long sword        ||     9
       Mace              ||    18
Armor: Scale mail        ||    23
Dodge: Dodged            ||    12
Block: Buckler           ||     6

Table legend: (Time is in decaauts)
 A = Elapsed time spent in this place.
 B = Non-inter-level travel time spent in this place.
 C = Inter-level travel time spent in this place.
 D = Time resting spent in this place.
 E = Time spent auto-exploring this place.
 F = Levels seen in this place.
 G = Mean time per level.
                   A        B        C        D        E       F      G
               +--------+--------+--------+--------+--------+-----+--------+
         Total |    257 |    257 |      0 |      0 |    179 |   2 |  128.5 |
       Dungeon |    257 |    257 |      0 |      0 |    179 |   2 |  128.5 |
               +--------+--------+--------+--------+--------+-----+--------+

Top non-repeatable levels by time:
     D:1: 206 daAuts
     D:2: 51 daAuts
